 Dungeon Crawl Stone Soup version 0.30-a0-141-g30f27751c5 (webtiles) character file.

Game seed: 17244495710851544045

410 qw the Chopper (level 6, -7/39 HPs)
             Began as a Gargoyle Fighter on Sept 25, 2022.
             Mangled by a yak (8 damage)
             ... on level 4 of the Dungeon.
             The game lasted 00:01:06 (3104 turns).

qw the Chopper (Gargoyle Fighter)                   Turns: 3104, Time: 00:01:06

Health: -7/39      AC: 15    Str: 22    XL:     6   Next: 89%
Magic:  6/6        EV:  7    Int:  8    God:
Gold:   133        SH:  4    Dex:  9    Spells: 5/5 levels left

rFire   . . .      SeeInvis .    Y - +0 war axe
rCold   . . .      Faith    .    c - +0 buckler
rNeg    + . .      Spirit   .    i - +0 chain mail
rPois   inf        Reflect  .    (no helmet)
rElec   +          Harm     .    k - +0 cloak
rCorr   +          Rampage  .    a - +0 pair of gloves
Will    .....                    (no boots)
Stlth   ..........               (no amulet)
HPRegen 0.13/turn                f - ring of resist corrosion
MPRegen 0.10/turn                (no ring)

@: no status effects
A: sickness immunity, AC +4, negative energy resistance 1, electricity
resistance, torment resistance 1, petrification resistance
a: no special abilities


You were on level 4 of the Dungeon.
You visited 1 branch of the dungeon, and saw 4 of its levels.

You collected 133 gold pieces.


Innate Abilities, Weirdness & Mutations

You are immune to sickness and miasma.
Your stone body is resilient. (AC +4)
You are immune to poison.
You resist negative energy. (rN+)
You are resistant to electric shocks. (rElec)
You are resistant to unholy torment.
You are immune to petrification.


   Skills:
 - Level 4.5 Fighting
 + Level 5.9 Axes
 - Level 3.2 Armour
 - Level 3.2 Shields


You had 5 spell levels left.
You didn't know any spells.
Your spell library was empty.

Inventory:

Hand Weapons
 b - a +0 flail
 n - the +8 whip "Yfanwam" {vorpal, rC+}
   (You found it on level 3 of the Dungeon)

   It inflicts extra damage upon your enemies.
   rC:        It protects you from cold.
 Y - a +0 war axe (weapon)
Missiles
 g - 3 boomerangs (quivered)
Armour
 a - a +0 pair of gloves (worn)
 c - a +0 buckler (worn)
 i - a +0 chain mail (worn)
 k - a +0 cloak (worn)
 q - a +0 plate armour
Jewellery
 f - a ring of resist corrosion (left hand)
Scrolls
 h - 8 scrolls of identify
Potions
 d - a potion of might
 j - a potion of curing
 l - a potion of attraction {unknown}
 m - 2 potions of resistance
 o - a potion of haste
 p - a potion of degeneration {unknown}

Dungeon Overview and Level Annotations

Branches:
Dungeon (4/15)
 Temple: D:4-7

Altars:
Ashenzari
Qazlal


Message History

You barely miss the yak. You hit the yak but do no damage. The yak gores you!
The yak gores you but does no damage. You block the yak's attack.
3096 ||| DRINKING 2 potions of heal wounds.
You feel much better.
The yak barely misses you. x2; The yak gores you but does no damage.
You barely miss the yak.
The yak is moderately wounded.
You barely miss the yak. You hit the yak. You block the yak's attack.
The yak gores you but does no damage. The yak gores you.
You slash the yak!
The yak is heavily wounded.
You closely miss the yak. You completely miss the yak.
The yak gores you but does no damage. x2; The yak gores you.
You hit the yak but do no damage.
The yak is heavily wounded.
You hit the yak. You slash the yak! The yak gores you.
The yak barely misses you. You block the yak's attack.
The yak closely misses you. The yak gores you. The yak closely misses you.
You hit the yak but do no damage.
The yak is heavily wounded.
You hit the yak. You hit the yak but do no damage. The yak gores you.
The yak gores you but does no damage. The yak gores you.
3101 ||| DRINKING potion of heal wounds.
You feel much better. The yak gores you. The yak barely misses you.
The yak completely misses you.
You slash the yak!
The yak is almost dead.
You hit the yak but do no damage. You slash the yak!
The yak gores you! x2; The yak gores you but does no damage.
You hit the yak.
The yak is almost dead.
You slash the yak! x2
The yak gores you! The yak gores you. The yak gores you but does no damage.
You barely miss the yak.
The yak is almost dead.
You barely miss the yak. You slash the yak! The yak gores you.
The yak gores you!
You die...

#######......#
######
##....##..
......###...###
..........##
..........#
####....##
#......#
##Y.....#
#.Y@##..#
#..Y###..#
#...# ..## #...
.## #...# #...
#.... ..##


You could see 3 yaks.

Vanquished Creatures
  A black bear (D:4)
  A bullfrog (D:4)
  A scorpion (D:4)
  2 iguanas (D:4)
  4 gnolls (D:2)
  4 adders
  2 worms (D:2)
  A dart slug (D:2)
  5 orcs (D:4)
  5 ball pythons
  7 endoplasms
  4 giant cockroaches
  6 goblins
  5 hobgoblins
  2 jackals (D:4)
  3 quokkas
  2 bats
  4 frilled lizards
  4 kobolds
  8 rats
71 creatures vanquished.

Notes
Turn   | Place    | Note
-------+----------+-------------------------------------------
     0 | D:1      | qw the Gargoyle Fighter began the quest for the Orb.
     0 | D:1      | Reached XP level 1. HP: 14/14 MP: 1/1
     0 | D:1      | 0 ||| qw: Version: 0.2-a-9-ge00f85e
     0 | D:1      | 0 ||| qw: Game counter: 90
     0 | D:1      | 0 ||| qw: Always use a shield: true
     0 | D:1      | 0 ||| qw: God list: Okawaru
     0 | D:1      | 0 ||| qw: Allow faded altars: false
     0 | D:1      | 0 ||| qw: Do Orc after D:15 true
     0 | D:1      | 0 ||| qw: Do second Lair branch before Depths: true
     0 | D:1      | 0 ||| qw: Lair rune preference: random
     0 | D:1      | 0 ||| qw: Plans: Normal, Zot:1-4, God:TSO, Crypt, Tomb,
                  | Pan, Slime:5, Hells, Abyss, Orb
     0 | D:1      | 0 ||| PLANNING D:1-11
    37 | D:1      | Reached skill level 2 in Axes
   259 | D:1      | Reached XP level 2. HP: 19/19 MP: 2/2
   752 | D:1      | 752 ||| DROPPING +0 club.
   758 | D:1      | 758 ||| UPGRADING to +0 cloak.
   763 | D:1      | 763 ||| UPGRADING to ring of resist corrosion.
   764 | D:1      | 764 ||| READING scroll labelled LEAMAR ODD.
   765 | D:1      | 765 ||| READING scroll labelled KAUZEOR WAEXEO.
   854 | D:2      | Reached skill level 3 in Axes
   879 | D:2      | Found a broken altar of Ashenzari.
   927 | D:2      | Reached XP level 3. HP: 20/23 MP: 3/3
  1066 | D:2      | 1066 ||| Stepping ~*~*~tactically~*~*~ (hiding).
  1072 | D:2      | 1072 ||| Stepping ~*~*~tactically~*~*~ (hiding).
  1082 | D:2      | Reached XP level 4. HP: 18/28 MP: 4/4
  1087 | D:2      | Reached skill level 4 in Axes
  1211 | D:2      | 1211 ||| Stepping ~*~*~tactically~*~*~ (stealth).
  1214 | D:2      | 1214 ||| Stepping ~*~*~tactically~*~*~ (stealth).
  1487 | D:2      | Found a faded altar of an unknown god.
  1503 | D:2      | 1503 ||| UPGRADING to +0 pair of gloves.
  1508 | D:2      | 1508 ||| READING scroll labelled WADWIF KURGHA.
  1509 | D:2      | 1509 ||| READING scroll labelled FOIPOFFEKKUP.
  1510 | D:2      | 1510 ||| DRINKING 2 pink potions.
  1511 | D:2      | 1511 ||| READING 5 scrolls of identify.
  1511 | D:2      | 1511 ||| IDENTIFYING silvery potion
  1707 | D:3      | Identified the +8 whip "Yfanwam" {vorpal, rC+}
  1709 | D:3      | 1709 ||| DROPPING +0 whip.
  1822 | D:3      | Found a stormy altar of Qazlal.
  1825 | D:3      | Noticed a fire elemental
  1825 | D:3      | Noticed an air elemental
  1835 | D:3      | Noticed an earth elemental
  1941 | D:3      | 1941 ||| Stepping ~*~*~tactically~*~*~ (stealth).
  1942 | D:3      | 1942 ||| Stepping ~*~*~tactically~*~*~ (stealth).
  2165 | D:3      | Noticed a water elemental
  2201 | D:3      | 2201 ||| UPGRADING to +0 chain mail.
  2211 | D:3      | 2211 ||| DROPPING +0 scale mail.
  2212 | D:3      | 2212 ||| READING scroll labelled ORROSO TYREUR.
  2213 | D:3      | 2213 ||| DRINKING 3 bubbling white potions.
  2214 | D:3      | 2214 ||| READING 5 scrolls of identify.
  2214 | D:3      | 2214 ||| IDENTIFYING fizzy red potion
  2341 | D:4      | Reached XP level 5. HP: 30/32 MP: 5/5
  2519 | D:4      | Noticed a black bear
  2527 | D:4      | Killed a black bear
  2528 | D:4      | Reached skill level 5 in Axes
  2657 | D:4      | Reached XP level 6. HP: 37/37 MP: 6/6
  2898 | D:4      | 2898 ||| Stepping ~*~*~tactically~*~*~ (hiding).
  2900 | D:4      | 2900 ||| Stepping ~*~*~tactically~*~*~ (hiding).
  2901 | D:4      | 2901 ||| Stepping ~*~*~tactically~*~*~ (hiding).
  2969 | D:4      | 2969 ||| Stepping ~*~*~tactically~*~*~ (stealth).
  3087 | D:4      | Noticed a yak
  3087 | D:4      | Noticed a yak
  3087 | D:4      | Noticed a yak
  3088 | D:4      | 3088 ||| Stepping ~*~*~tactically~*~*~ (stealth).
  3095 | D:4      | HP: 6/39 [yak (12)]
  3096 | D:4      | 3096 ||| DRINKING 2 potions of heal wounds.
  3100 | D:4      | HP: 5/39 [yak (6)]
  3101 | D:4      | 3101 ||| DRINKING potion of heal wounds.
  3103 | D:4      | HP: 2/39 [yak (4)]
  3104 | D:4      | Mangled by a yak

Levels and vault maps discovered:
D:1:      onia_arrival_pyramid, layout_basic, serial_bayou_pond_d,
          minmay_misc_feat_enclosed, minmay_cupped
D:2:      layout_loops_ring, basic_altar, basic_ecumenical_altar,
          hangedman_decor_push
D:3:      layout_loops_ring, nicolae_qazlal_style_of_elements
D:4:      layout_layer_cave, minmay_temple_entry_sparse_star,
          nrook_mini_backslash, dk_noncrumbling_4

Skill      XL: |  1  2  3  4  5  6 |
---------------+-------------------+-----
Axes           | 2 3 4 5 |  5.9
Fighting       | 4 |  4.5
Armour         | |  3.2
Shields        | |  3.2

Action                   |  1- 3 |  4- 6 || total
-------------------------+-------+-------++-------
Melee: War axe           |    82 |   124 ||   206
Throw: Boomerang         |    11 |    57 ||    68
  Use: Scroll            |     2 |     5 ||     7
       Potion            |       |     4 ||     4
Armor: Scale mail        |    34 |    23 ||    57
       Chain mail        |       |    58 ||    58
Dodge: Dodged            |    31 |    63 ||    94
Block: Buckler           |    12 |    21 ||    33

Table legend:
 A = Non-vault XP
 B = Vault XP
 C = Vault XP percentage of total XP
 D = Non-vault monster count
 E = Vault monster count
 F = Vault count percentage of total count
                 A         B        C        D         E       F
            +---------+---------+-------+---------+---------+-------
      Total |     584 |       2 |   0.3 |      70 |       1 |   1.4
            +---------+---------+-------+---------+---------+-------
        D:1 |      20 |       2 |   9.1 |      15 |       1 |   6.2
        D:2 |      98 |       0 |   0.0 |      24 |       0 |   0.0
        D:3 |      22 |       0 |   0.0 |       6 |       0 |   0.0
        D:4 |     444 |       0 |   0.0 |      25 |       0 |   0.0
            +---------+---------+-------+---------+---------+-------
